Construct Infanterie Kompanie
Selects Luftwaffe Battlegroup
Selects Luftwaffe Pioneer Support
Fallschirmpioneer Squad Paradrop
Construct Luftwaffe Kompanie
Construct Luftwaffe Kompanie
Fallschirmpioneer Squad Paradrop
Flak 30 Anti-aircraft Gun Team
Selects Stuka Strafing Run
Selects Fallschirmjäger Squad Paradrop
Selects Flak 38 Anti-Air Emplacement
Construct Panzergrenadier Kompanie
Luftwaffe Officer Quarters